 Dungeon Crawl Stone Soup version 0.30-a0-422-g946f4849ff (webtiles) character file.

Game seed: 14098525040662606501

43 horus123 the Trooper (level 3, -1/30 HPs)
             Began as a Human Gladiator on Dec 8, 2022.
             Slain by a gnoll
             ... wielding a +2 flail of holy wrath
              (6 damage)
             ... on level 2 of the Dungeon.
             The game lasted 00:02:26 (888 turns).

horus123 the Trooper (Human Gladiator)               Turns: 888, Time: 00:02:27

Health: -1/30      AC:  7    Str: 14    XL:     3   Next: 82%
Magic:  3/3        EV: 12    Int: 10    God:
Gold:   61         SH:  0    Dex: 14    Spells: 2/2 levels left

rFire   + . .      SeeInvis .    a - +0 long sword
rCold   . . .      Faith    .    (no shield)
rNeg    . . .      Spirit   .    k - +2 leather armour {rF+}
rPois   .          Reflect  .    f - +1 helmet
rElec   .          Harm     .    (no cloak)
rCorr   .          Rampage  .    (no gloves)
Will    .....                    (no boots)
Stlth   +.........               (no amulet)
HPRegen 0.25/turn                (no ring)
MPRegen 0.08/turn                (no ring)

@: no status effects
A: no striking features
a: no special abilities


You were on level 2 of the Dungeon.
You visited 1 branch of the dungeon, and saw 2 of its levels.

You collected 61 gold pieces.

Inventory:

Hand Weapons
 a - a +0 long sword (weapon)
Missiles
 d - a throwing net (quivered)
Armour
 f - a +1 helmet (worn)
 k - a +2 leather armour of fire resistance (worn)
Scrolls
 g - 2 scrolls of immolation
Potions
 b - a potion of magic {unknown}
 c - a potion of degeneration {unknown}


   Skills:
 + Level 3.8 Fighting
 - Level 3.0 Long Blades
 - Level 2.0 Throwing
 - Level 3.0 Dodging


You had 2 spell levels left.
You didn't know any spells.
Your spell library was empty.

Dungeon Overview and Level Annotations

Branches:
Dungeon (2/15)

Altars:


Message History

The gnoll struggles against the net.
You throw a throwing net.
The throwing net barely misses the gnoll.
The throwing net hits the gnoll.
The gnoll is moderately wounded.
The gnoll struggles against the net.
The gnoll barely misses you.
You completely miss the gnoll.
The gnoll struggles against the net.
The net rips apart, and the gnoll comes free!
The gnoll closely misses you.
You hit the gnoll.
The gnoll is moderately wounded.
You barely miss the gnoll.
The gnoll is moderately wounded.
You barely miss the gnoll.
The gnoll is moderately wounded.
The gnoll hits you with a +2 flail of holy wrath.
You barely miss the gnoll.
The gnoll is moderately wounded.
The gnoll hits you with a +2 flail of holy wrath!
The gnoll hits you with a +2 flail of holy wrath.
* * * LOW HITPOINT WARNING * * *
You are too injured to fight recklessly!
You are too injured to fight recklessly!
You are too injured to fight recklessly!
You are too injured to fight recklessly!
You hit the gnoll but do no damage.
The gnoll is moderately wounded.
You barely miss the gnoll.
The gnoll is moderately wounded.
The gnoll barely misses you. The gnoll closely misses you.
You closely miss the gnoll.
The gnoll is moderately wounded.
The gnoll hits you but does no damage. The gnoll closely misses you.
You hit the gnoll.
The gnoll is severely wounded.
The gnoll closely misses you.
The gnoll hits you with a +1 flail of protection.
* * * LOW HITPOINT WARNING * * *
The gnoll hits you with a +2 flail of holy wrath.
You die...

....##...........###.#.#####.#
....##.......#.#[##..#.......#
....##.....#.....##..........#
######††...#...####.##...##..#
##.............####.##..(..>.#
#.........#............######
#.........#..<########.#
#.........########.....#
#.............g@##....##
#........######g#.^...#
#........# #g#.....#
#........# #(.....##
#........# #(.....# #........#
##.....# #........# #.....#
########.(..g.......#
...g........#


You could see 3 gnolls.

Vanquished Creatures
  An adder (D:2)
  A worm (D:2)
  2 dart slugs
  4 ball pythons (D:1)
  5 bats
  2 giant cockroaches (D:1)
  A goblin (D:1)
  3 hobgoblins
  2 jackals (D:1)
  2 kobolds (D:2)
  2 frilled lizards (D:1)
  3 rats (D:1)
28 creatures vanquished.

Notes
Turn   | Place    | Note
-------+----------+-------------------------------------------
     0 | D:1      | horus123 the Human Gladiator began the quest for the Orb.
     0 | D:1      | Reached XP level 1. HP: 16/16 MP: 1/1
    72 | D:1      | Reached XP level 2. HP: 9/23 MP: 2/2
   365 | D:1      | Reached XP level 3. HP: 29/29 MP: 3/3
   888 | D:2      | Slain by a gnoll

Illustrated notes

Levels and vault maps discovered:
D:1:      psy_arrival_statuary, layout_basic, chequers_serial_rivers_micro_a
D:2:      minmay_spotlight, layout_basic

Skill      XL: |  1  2 |
---------------+-------+-----
Fighting       | 3 |  3.8
Long Blades    | |  3.0
Throwing       | |  2.0
Dodging        | |  3.0

Action                   || total
-------------------------++-------
Melee: Long sword        ||    87
       Punch             ||     1
Throw: Throwing net      ||     2
       Javelin           ||     1
  Use: Scroll            ||     6
Armor: Leather armour    ||    46
Dodge: Dodged            ||    78

Table legend: (Time is in decaauts)
 A = Elapsed time spent in this place.
 B = Non-inter-level travel time spent in this place.
 C = Inter-level travel time spent in this place.
 D = Time resting spent in this place.
 E = Time spent auto-exploring this place.
 F = Levels seen in this place.
 G = Mean time per level.
                   A        B        C        D        E       F      G
               +--------+--------+--------+--------+--------+-----+--------+
         Total |    909 |    895 |     14 |    253 |    350 |   2 |  454.5 |
       Dungeon |    909 |    895 |     14 |    253 |    350 |   2 |  454.5 |
               +--------+--------+--------+--------+--------+-----+--------+

Top non-repeatable levels by time:
     D:1: 789 daAuts
     D:2: 119 daAuts
